 Dungeon Crawl Stone Soup version 0.29-a0-275-g389c0b56f3 (webtiles) character file.

Game seed: 6681879901731482681

22 Anunax the Insei (level 2, -1/18 HPs)
             Began as an Octopode Transmuter on Mar 10, 2022.
             Slain by a hobgoblin (2 damage)
             ... on level 1 of the Dungeon.
             The game lasted 00:02:38 (624 turns).

Anunax the Insei (Octopode Transmuter)               Turns: 624, Time: 00:02:39

Health: -1/18      AC:  1    Str:  9    XL:     2   Next: 91%
Magic:  5/5        EV: 13    Int: 15    God:
Gold:   28         SH:  0    Dex: 12    Spells: 4/5 levels left

rFire   . . .      SeeInvis .   b - +0 dagger (freeze)
rCold   . . .      Faith    .   (no shield)
rNeg    . . .      Spirit   .   (helmet restricted)
rPois   +          Reflect  .   (no amulet)
rElec   .          Harm     .   (no ring)
rCorr   .          Rampage  .   (no ring)
Will    .....                   (no ring)
Stlth   ++........              (no ring)
HPRegen 0.06/turn               (no ring)
MPRegen 0.09/turn               (no ring)
                                (no ring)
                                (no ring)

@: no status effects
A: almost no armour, amphibious, 8 rings, camouflage 1, gelatinous body 1,
(nimble swimmer 1), tentacles, poison resistance, MP-powered wands
a: no special abilities


You were on level 1 of the Dungeon.
You visited 1 branch of the dungeon, and saw 1 of its levels.

You collected 28 gold pieces.

Inventory:

Hand Weapons
 b - a +0 dagger of freezing (weapon)
Armour
 d - a +0 cloak
Potions
 a - a potion of lignification
 c - a potion of mutation
 e - a potion of cancellation {unknown}


   Skills:
 + Level 1.0 Fighting
 + Level 0.2 Short Blades
 + Level 2.1 Dodging
 + Level 0.6 Stealth
 + Level 3.7 Unarmed Combat
 + Level 2.0 Spellcasting
 + Level 2.1 Transmutations


You had 4 spell levels left.
You knew the following spells:

 Your Spells              Type           Power      Damage    Failure   Level
a - Beastly Appendage     Tmut           16%        N/A       9%          1

Your spell library contained the following spells:

 Spells                   Type           Power      Damage    Failure   Level
 Wereblood                Tmut           8%         N/A       14%         2
 Spider Form              Tmut/Pois      4%         N/A       38%         3
 Ice Form                 Ice/Tmut       4%         N/A       80%         4


Dungeon Overview and Level Annotations

Branches:
Dungeon (1/15)

Altars:


Innate Abilities, Weirdness & Mutations

You cannot wear most types of armour.
You are amphibious.
You can wear up to eight rings at the same time.
Your skin changes colour to match your surroundings (Stealth+).
Your rubbery body absorbs attacks. (AC +1, EV +1)
((You are camouflaged when in or above water. (Stealth+)))
You have tentacles for arms and can constrict up to eight enemies at once.
Your system is resistant to poisons. (rPois)
You expend magic power (3 MP) to strengthen your wands.


Message History

The endoplasm freezes you.
You are frozen.
The giant cockroach bites you.
You hit the giant cockroach but do no damage.
The giant cockroach is moderately wounded.
You constrict the giant cockroach. The giant cockroach misses you.
The endoplasm closely misses you. The giant cockroach misses you.
You release your grip on the giant cockroach.
The endoplasm attacks as you move away! The endoplasm completely misses you.
The rat attacks as you move away! The rat barely misses you.
The gnoll hits the plant with a +0 spear.
The plant begins to die.
You hit the endoplasm. You freeze the endoplasm.
The endoplasm is heavily wounded.
The endoplasm freezes you.
You are frozen.
The gnoll hits the plant with a +0 spear.
The plant begins to die.
You hit the endoplasm. You freeze the endoplasm.
You kill the endoplasm!
The gnoll hits the plant with a +0 spear.
You hit the rat. You freeze the rat.
You kill the rat!
The gnoll hits the plant with a +0 spear.
You hit the hobgoblin. You freeze the hobgoblin.
Your grab misses the hobgoblin.
The hobgoblin is severely wounded.
The hobgoblin hits you.
* * * LOW HITPOINT WARNING * * *
The gnoll hits the plant with a +0 spear.
You hit the hobgoblin but do no damage. You grab the hobgoblin.
The hobgoblin is severely wounded.
You constrict the hobgoblin, but do no damage.
A nearby plant withers and dies.
The hobgoblin hits you.
* * * LOW HITPOINT WARNING * * *
You hit the hobgoblin but do no damage.
You squeeze the hobgoblin, but do no damage.
The hobgoblin is severely wounded.
You constrict the hobgoblin, but do no damage.
A nearby plant withers and dies.
The hobgoblin hits you.
You die...
PPPPP...#

# P..P...^# # #
.P..P...# ..#
..P.PP..# #.#
P....g..# #..
.....P..#######
#.#
..P.P.........(
##.# ..(.. #g##
....
.....#.#@########
##..
#[...###........
....
#.#...#.####.###
.### ##...##.##
#.# .###
#........# #.#
.#.. #...####.#
#.# ###.#.# #...#
#.# #.# ##...#.#
#...# #.#
##.####...##.#
#...####.#
#............#


You could see a gnoll and a hobgoblin.

Vanquished Creatures
  2 ball pythons (D:1)
  5 endoplasms (D:1)
  2 goblins (D:1)
  A hobgoblin (D:1)
  5 kobolds (D:1)
  A quokka (D:1)
  2 bats (D:1)
  2 rats (D:1)
20 creatures vanquished.

Vanquished Creatures (others)
  A demonic plant (D:1)
  2 plants (D:1)
  4 withered plants (D:1)
7 creatures vanquished.

Grand Total: 27 creatures vanquished

Notes
Turn   | Place    | Note
-------+----------+-------------------------------------------
     0 | D:1      | Anunax the Octopode Transmuter began the quest for the Orb.
     0 | D:1      | Reached XP level 1. HP: 13/13 MP: 3/3
    95 | D:1      | Reached XP level 2. HP: 18/18 MP: 5/5
   102 | D:1      | Found a faded altar of an unknown god.
   572 | D:1      | Gained mutation: You expend magic power (3 MP) to
                  | strengthen your wands. [potion of mutation]
   572 | D:1      | Gained mutation: Your system is resistant to poisons.
                  | (rPois) [potion of mutation]
   624 | D:1      | Slain by a hobgoblin

Illustrated notes

Levels and vault maps discovered:
D:1:      minmay_arrival_wavy_path, layout_loops_ring,
          shapermc_ecumenical_altar_gd, nicolae_grassy_gnolls

Action                   || total
-------------------------++-------
Melee: Dagger            ||    28
       Unarmed           ||     6
       Constrict         ||     8
       Kick              ||     5
       Tentacles         ||     5
 Cast: Beastly Appendage ||     5
  Use: Potion            ||     1
 Stab: Sleeping          ||     7
Armor: Skin              ||     3
Dodge: Dodged            ||    13

Table legend: (Time is in decaauts)
 A = Elapsed time spent in this place.
 B = Non-inter-level travel time spent in this place.
 C = Inter-level travel time spent in this place.
 D = Time resting spent in this place.
 E = Time spent auto-exploring this place.
 F = Levels seen in this place.
 G = Mean time per level.
                   A        B        C        D        E       F      G
               +--------+--------+--------+--------+--------+-----+--------+
         Total |    622 |    622 |      0 |     95 |    394 |   1 |  622.0 |
       Dungeon |    622 |    622 |      0 |     95 |    394 |   1 |  622.0 |
               +--------+--------+--------+--------+--------+-----+--------+

Top non-repeatable levels by time:
     D:1: 622 daAuts
